 Dungeon Crawl Stone Soup version 0.18.1-50-g88ac8fd (webtiles) character file.

5093 Gargoyl the Nimble (level 10, -20/98 HPs)
             Began as a Troll Monk on Oct 9, 2016.
             Was a High Priest of Okawaru.
             Demolished by a hill giant
             ... wielding a +0 giant spiked club
              (28 damage)
             ... on level 8 of the Dungeon.
             The game lasted 00:18:59 (7538 turns).

Gargoyl the Nimble (Troll Monk)                     Turns: 7538, Time: 00:18:59

Health: -20/98     AC: 10    Str: 31    XL:     10   Next: 32%
Magic:  7/9        EV: 16    Int: 10    God:    Okawaru [*****.]
Gold:   492        SH: 12    Dex: 12    Spells: 0 memorised, 9 levels left

rFire  + . .     SeeInvis .     A - +3 war axe of the First Dances {pain, rElec Str+5 Int+4}
rCold  . . .     Gourm    +     a - +0 robe
rNeg   . . .     Faith    .     c - +0 shield
rPois  .         Spirit   .     x - +2 hat
rElec  +         Dismiss  .     r - +1 cloak
rCorr  .         Reflect  .     (gloves unavailable)
SustAt .         Harm     .     (boots unavailable)
MR     .....                    (no amulet)
Stlth  +++.......               w - +2 ring of strength
                                k - ring of protection from fire

@: heroism, not resistant to hostile enchantments, fairly stealthy
A: unfitting armour, claws 3, fast metabolism 3, gourmand, regeneration 2,
shaggy fur 2, tough skin 2
a: Heroism, Finesse, Renounce Religion


You were on level 8 of the Dungeon.
You worshipped Okawaru.
Okawaru was extremely pleased with you.
You were near starving.

You visited 1 branch of the dungeon, and saw 9 of its levels.

You collected 492 gold pieces.

Inventory:

Hand Weapons
 m - a +1 hand axe of flaming
 u - a +0 hand axe
 A - the +3 war axe of the First Dances (weapon) {pain, rElec Str+5 Int+4}
   (You took it off a gnoll on level 6 of the Dungeon)

   In the hands of one skilled in necromantic magic, it inflicts extra damage on
   living creatures.
   It affects your strength (+5).
   It affects your intelligence (+4).
   It insulates you from electricity.
Missiles
 G - 2 tomahawks (quivered)
Armour
 a - a +0 robe (worn)
 c - a +0 shield (worn)
 r - a +1 cloak (worn)
 x - a +2 hat (worn)
Jewellery
 i - an uncursed amulet of magic regeneration {unknown}
 k - a ring of protection from fire (left claw)
 w - a +2 ring of strength (right claw)
Wands
 h - a wand of paralysis (5/24)
 l - a wand of flame (3/48)
 q - a wand of digging (18/24)
 y - a wand of slowing (22/48)
 B - a wand of acid (3/15)
 C - a wand of enslavement (13/24)
Scrolls
 d - 10 scrolls of identify
 e - 2 scrolls of amnesia
 j - a scroll of recharging
 n - 2 scrolls of blinking
 o - 3 scrolls of remove curse
 v - a scroll of brand weapon {unknown}
 F - 3 scrolls of teleportation
 H - a scroll of summoning {unknown}
 I - a scroll of holy word {unknown}
Potions
 s - 4 potions of curing
 z - a potion of magic
 D - 2 potions of cancellation
 J - a potion of haste
 K - 2 potions of flight {unknown}
Books
 t - a book of Alchemy

   Spells                             Type                      Level
   a - Sublimation of Blood           Necromancy                   2
   b - Ignite Poison                  Fire/Transmutation/Poison    3
   c - Petrify                        Transmutation/Earth          4
   d - Alistair's Intoxication        Transmutation/Poison         5
   e - Irradiate                      Conjuration/Transmutation    5
 E - a book of Conjurations

   Spells                             Type                      Level
   a - Magic Dart                     Conjuration                  1
   b - Searing Ray                    Conjuration                  2
   c - Dazzling Spray                 Conjuration/Hexes            3
   d - Fulminant Prism                Conjuration/Hexes            4
   e - Iskenderun's Mystic Blast      Conjuration                  4
   f - Iskenderun's Battlesphere      Conjuration/Charms           5
Comestibles
 b - 8 bread rations
 f - 3 meat rations
 g - 3 fruits
 p - a beef jerky


   Skills:
 + Level 6.1(11.1) Fighting
 + Level 2.9(7.9) Axes
 + Level 9.1(14.1) Dodging
 + Level 2.8(7.8) Stealth
 + Level 3.0(8.0) Shields
 + Level 7.2(12.2) Unarmed Combat
 + Level 0.6 Invocations


You had 9 spell levels left.
You didn't know any spells.

Dungeon Overview and Level Annotations

Branches:
Dungeon (9/15)             Temple (0/1) D:7            Lair (0/8) D:8
    Orc (0/2) D:9

Altars:
Ashenzari
Cheibriados
Dithmenos
Kikubaaqudgha
Okawaru
Qazlal
Ru
Sif Muna
Vehumet
Yredelemnul
Zin
The Shining One


Innate Abilities, Weirdness & Mutations

You are too large for most types of armour.
You have claws for hands.
Your metabolism is lightning-fast.
You like to eat raw meat.
You heal very quickly.
You are covered in thick fur (AC +2).
You have very tough skin (AC +2).


Message History

The iguana bites you but does no damage.
Unknown command.
You hit the hill giant.
The hill giant is severely wounded.
You slash the iguana!
You kill the iguana!
Okawaru accepts your kill. You block the hill giant's attack.
Unknown command.
You completely miss the hill giant.
The hill giant is severely wounded.
The hill giant hits you with a giant spiked club!
* * * LOW HITPOINT WARNING * * *
You slash the hill giant!
The hill giant is almost dead.
You hit the hill giant.
The hill giant is almost dead.
You are near starving!
The hill giant hits you with a giant spiked club!!
You die...

#.# #.# #.........#. #.#
#.# ##.......###. #.# #.#
#........# #. #.# ##.#
#.##...#.# #. ###.# #..#
#.###.##.# #. #...# #.##
#.# #.##.# #. #.### #.# #.#
#.##.# #. #.# #####C# #.#
#.##[# #. #.#
#....@####.###.##.# #.
#.####.##.>........#...# ##
#.##.....#.########.#†##
#.##.#.#.#.########.#.##
#...................#..##
####.#.#.#............#.###
#.....########..........
###.### #.###...##. #<#
##)####..##.


You could see a hill giant.

Vanquished Creatures
  Pikel (D:5)
  An elephant (D:8)
  A troll (D:9)
  A two-headed ogre (D:9)
  Prince Ribbit (D:6)
  Sigmund (D:2)
  A spriggan (D:7)
  A yak (D:8)
  2 hippogriffs
  Eustachio (D:5)
  A crocodile (D:8)
  A black bear (D:9)
  2 sky beasts
  A wasp (D:8)
  An ice beast (D:8)
  3 ogres
  A centaur (D:6)
  Blork the orc (D:4)
  3 giant frogs
  3 scorpions
  7 howler monkeys
  A giant frog zombie (D:6)
  A centaur zombie (D:9)
  2 crimson imps (D:8)
  5 hounds
  2 giant frog skeletons
  3 orc priests (D:9)
  Crazy Yiuf (D:2)
  2 gnoll shamans (D:6)
  8 orc wizards
  Jessica (D:2)
  Ijyb (D:3)
  4 worker ants
  2 iguanas
  A sheep (D:8)
  A hound zombie (D:7)
  A worker ant zombie (D:7)
  9 gnolls (D:6)
  A howler monkey skeleton (D:8)
  12 adders
  A shadow imp (D:8)
  4 adder skeletons
  3 worms
  2 dart slugs
  3 giant geckos
  17 orcs
  3 giant cockroaches
  12 goblins
  2 hobgoblins
  14 jackals
  12 kobolds
  A quokka (D:9)
  A ball python (D:4)
  7 bats
  A giant gecko zombie (D:8)
  3 giant newts
  A jackal zombie (D:6)
  A quokka skeleton (D:5)
  7 rats
  A spectral orc (D:4)
189 creatures vanquished.

Vanquished Creatures (others)
  2 slaves
  A scorpion (D:5)
  A giant gecko (D:5)
4 creatures vanquished.

Grand Total: 193 creatures vanquished

Notes
Turn   | Place    | Note
--------------------------------------------------------------
     0 | D:1      | Gargoyl the Troll Monk began the quest for the Orb.
     0 | D:1      | Reached XP level 1. HP: 22/22 MP: 0/0
   170 | D:1      | Reached XP level 2. HP: 28/29 MP: 1/1
   737 | D:2      | Found a glowing silver altar of Zin.
   802 | D:2      | Reached XP level 3. HP: 36/36 MP: 2/2
   963 | D:2      | Found a snail-covered altar of Cheibriados.
  1031 | D:2      | Noticed Sigmund
  1046 | D:2      | Killed Sigmund
  1046 | D:2      | Reached skill level 3 in Dodging
  1046 | D:2      | Reached skill level 5 in Unarmed Combat
  1046 | D:2      | Reached XP level 4. HP: 21/45 MP: 3/3
  1046 | D:2      | Reached XP level 5. HP: 25/53 MP: 4/4
  1205 | D:2      | Noticed Jessica
  1212 | D:2      | Killed Jessica
  1506 | D:2      | Noticed Crazy Yiuf
  1514 | D:2      | Killed Crazy Yiuf
  1514 | D:2      | Reached skill level 4 in Dodging
  1514 | D:2      | Reached XP level 6. HP: 51/61 MP: 5/5
  1737 | D:3      | Noticed Ijyb
  1757 | D:3      | Killed Ijyb
  2193 | D:3      | Found an iron altar of Okawaru.
  2203 | D:3      | Became a worshipper of Warmaster Okawaru
  2203 | D:3      | Reached * piety under Okawaru
  2203 | D:3      | Reached ** piety under Okawaru
  2481 | D:4      | Noticed Blork the orc
  2493 | D:4      | Killed Blork the orc
  2595 | D:4      | Reached XP level 7. HP: 68/68 MP: 6/6
  2727 | D:4      | Found a basalt altar of Yredelemnul.
  2759 | D:5      | Entered Level 5 of the Dungeon
  2835 | D:5      | Noticed Pikel
  2868 | D:5      | Killed Pikel
  2868 | D:5      | Reached skill level 5 in Dodging
  2868 | D:5      | Reached XP level 8. HP: 49/79 MP: 7/7
  2929 | D:5      | Reached skill level 6 in Dodging
  3066 | D:5      | Found a shattered altar of Ashenzari.
  3346 | D:5      | Noticed Eustachio
  3358 | D:5      | Killed Eustachio
  3358 | D:5      | Reached *** piety under Okawaru
  3956 | D:6      | Noticed Prince Ribbit
  3966 | D:6      | Killed Prince Ribbit
  3966 | D:6      | Reached skill level 5 in Fighting
  3966 | D:6      | Reached skill level 7 in Dodging
  4044 | D:6      | Reached XP level 9. HP: 82/88 MP: 8/8
  4232 | D:6      | Got an iridescent war axe {pain}
  4233 | D:6      | Identified the cursed +3 war axe of the First Dances {pain, rElec Str+5 Int+4} (You took it off a gnoll on level 6 of the Dungeon)
  4380 | D:7      | Reached skill level 1 in Shields
  4580 | D:7      | Reached **** piety under Okawaru
  4618 | D:7      | Found a sacrificial altar of Ru.
  4767 | D:7      | Found a staircase to the Ecumenical Temple.
  4811 | D:7      | Found a glowing golden altar of the Shining One.
  5261 | D:8      | Reached skill level 1 in Axes
  5380 | D:8      | Reached skill level 8 in Dodging
  5387 | D:8      | Noticed an elephant
  5415 | D:8      | Killed an elephant
  5554 | D:8      | HP: 4/88 [crocodile (10)]
  5705 | D:8      | Found a staircase to the Lair.
  6117 | D:8      | Reached XP level 10. HP: 97/98 MP: 9/9
  6121 | D:8      | Gained mutation: You are covered in thick fur (AC +2). [mutagenic meat]
  6122 | D:8      | Gained mutation: Your spells are a little easier to cast, but a little less powerful. [mutagenic meat]
  6123 | D:8      | Lost mutation: Your spells are a little easier to cast, but a little less powerful. [mutagenic meat]
  6124 | D:8      | Gained mutation: Your spells are a little easier to cast, but a little less powerful. [mutagenic meat]
  6125 | D:8      | Lost mutation: Your spells are a little easier to cast, but a little less powerful. [mutagenic meat]
  6449 | D:9      | Found a sacrificial altar of Ru.
  6453 | D:9      | Found a shadowy altar of Dithmenos.
  6465 | D:9      | Found an iron altar of Okawaru.
  6563 | D:9      | Reached ***** piety under Okawaru
  6751 | D:9      | Found a radiant altar of Vehumet.
  6763 | D:9      | Found an ancient bone altar of Kikubaaqudgha.
  6780 | D:9      | Found a deep blue altar of Sif Muna.
  6947 | D:9      | Reached skill level 9 in Dodging
  6974 | D:9      | Found a stormy altar of Qazlal.
  7199 | D:9      | Found a staircase to the Orcish Mines.
  7526 | D:9      | Noticed a hill giant
  7538 | D:8      | Demolished by a hill giant

Skill      XL: |  1  2  3  4  5  6  7  8  9 10 |
---------------+-------------------------------+-----
Fighting       | 3 4 5 6 |  6.1
Dodging        | 3 4 5 7 8 9 |  9.1
Unarmed Combat | 5 6 7 |  7.2
Stealth        | 2 |  2.8
Shields        | 2 3 |  3.0
Axes           | 2 |  2.9
Invocations    | |  0.6

Action                   |  1- 3 |  4- 6 |  7- 9 | 10-12 || total
-------------------------+-------+-------+-------+-------++-------
Melee: Unarmed           |    91 |   106 |   163 |       ||   360
       Punch             |     2 |     1 |     2 |       ||     5
       Short sword       |       |     4 |       |       ||     4
       Hand axe          |       |    42 |       |       ||    42
       Quarterstaff      |       |    24 |       |       ||    24
       War axe           |       |       |   174 |   107 ||   281
Invok: Heroism           |       |       |     3 |     1 ||     4
  Use: Potion            |     2 |     3 |     3 |       ||     8
       Scroll            |     1 |       |    17 |       ||    18
 Stab: Sleeping          |     1 |     1 |     4 |     2 ||     8
       Paralysed         |       |       |     1 |       ||     1
  Eat: Chunk             |     2 |    14 |    23 |    11 ||    50
       Bread ration      |     1 |     1 |     2 |       ||     4
       Beef jerky        |       |       |       |     3 ||     3
Armor: Robe              |    30 |    88 |   142 |    49 ||   309
       Skin              |       |    79 |    10 |       ||    89
Dodge: Dodged            |    53 |   160 |   177 |    65 ||   455
Block: Shield            |       |       |   118 |    72 ||   190
